TOP OF THE 1ST |
Jasper Cougars batting - Pitching for Surrey Sinners : RHP Diego González
|
Pitching: RHP Diego González
|
|
Batting: LHB Jon Scott
|
0-0: Ball 1-0: SINGLE (Groundball, 25) (infield hit)
|
Batting: RHB Manuel Pérez
|
0-0: Fly out, F9 (Flyball, 9S)
|
Batting: RHB Jesús Hernández
|
0-0: Ball 1-0: Ball 2-0: SINGLE (Groundball, 4MD) Jon Scott to second Throwing error, E8 Jon Scott scores Jesús Hernández to second
|
Batting: SHB Ron Edwards
|
0-0: Ground out 1-3 (Groundball, 13S) Jesús Hernández to third
|
Batting: LHB Enrique Valentín
|
0-0: Called Strike 0-1: Foul Ball, location: 2F 0-2: Strikes out looking
|
Top of the 1st over - 1 run(s), 2 hit(s), 1 error(s), 1 left on base; Jasper 1 - Surrey 0 |
BOTTOM OF THE 1ST |
Surrey Sinners batting - Pitching for Jasper Cougars : LHP Millard Curtis
|
Pitching: LHP Millard Curtis
|
|
Batting: RHB Miguel Palácios
|
0-0: Called Strike 0-1: Foul Ball, location: 2F 0-2: Ball 1-2: Ground out 5-3 (Groundball, 5L)
|
Batting: RHB Jesús Hernández
|
0-0: Ground out 6-3 (Groundball, 6)
|
Batting: RHB Júlio Figueroa
|
0-0: Foul Ball, location: 2F 0-1: Called Strike 0-2: Ball 1-2: Strikes out swinging
|
Bottom of the 1st over - 0 run(s), 0 hit(s), 0 error(s), 0 left on base; Jasper 1 - Surrey 0 |
TOP OF THE 2ND |
Jasper Cougars batting - Pitching for Surrey Sinners : RHP Diego González
|
Batting: RHB Dan Hooper
|
0-0: SOLO HOME RUN (Flyball, 7LD), Distance : 351 ft
|
Batting: RHB Dave Parker
|
0-0: Called Strike 0-1: Ball 1-1: Swinging Strike 1-2: Ball 2-2: Strikes out swinging
|
Batting: RHB Juan Vázquez
|
0-0: Ground out 6-3 (Groundball, 6)
|
Batting: RHB Greg King
|
0-0: Ball 1-0: Called Strike 1-1: Ball 2-1: Ball 3-1: Foul Ball, location: 2F 3-2: Foul Ball, location: 2F 3-2: Base on Balls
|
Batting: LHB Jon Scott
|
0-0: Ball Greg King steals 2nd base 1-0: Called Strike 1-1: Swinging Strike 1-2: Strikes out swinging
|
Top of the 2nd over - 1 run(s), 1 hit(s), 0 error(s), 1 left on base; Jasper 2 - Surrey 0 |
BOTTOM OF THE 2ND |
Surrey Sinners batting - Pitching for Jasper Cougars : LHP Millard Curtis
|
Batting: LHB Richard Bell
|
0-0: Ball 1-0: Called Strike 1-1: Ball 2-1: Ball 3-1: Base on Balls
|
Batting: RHB Héctor Berrios
|
0-0: Called Strike 0-1: Called Strike 0-2: Ball 1-2: Ball 2-2: Fly out, F9 (Popup, 9LS)
|
Batting: LHB Benny Richard
|
0-0: Ball 1-0: Ball 2-0: Ball 3-0: Base on Balls Richard Bell to second
|
Batting: RHB Steve Bender
|
0-0: Foul Ball, location: 2F 0-1: Called Strike 0-2: Fly out, F9 (Flyball, 89XD) Runner from 2nd tags up, SAFE at 3rd, no throw
|
Batting: RHB Víctor Arredondo
|
0-0: Called Strike 0-1: Ball 1-1: Ball 2-1: Ball 3-1: Base on Balls Benny Richard to second
|
Batting: LHB Tanyu Imai
|
0-0: Ground out U3 (Groundball, 3)
|
Bottom of the 2nd over - 0 run(s), 0 hit(s), 0 error(s), 3 left on base; Jasper 2 - Surrey 0 |
TOP OF THE 3RD |
Jasper Cougars batting - Pitching for Surrey Sinners : RHP Diego González
|
Batting: RHB Manuel Pérez
|
0-0: Swinging Strike 0-1: Called Strike 0-2: Ball 1-2: SINGLE (Line Drive, 5D)
|
Batting: RHB Jesús Hernández
|
0-0: Swinging Strike 0-1: Fly out, F4 (Popup, 4D)
|
Batting: SHB Ron Edwards
|
0-0: Called Strike Manuel Pérez steals 2nd base 0-1: Ball 1-1: Foul Ball, location: 2F 1-2: Ball 2-2: SINGLE (Line Drive, 89S) Manuel Pérez to third Runner from 3rd tries for Home, SAFE, no throw or cutoff
|
Batting: LHB Enrique Valentín
|
0-0: Foul Ball, location: 2F 0-1: SINGLE (Groundball, 34D) Ron Edwards to second
|
Batting: RHB Dan Hooper
|
0-0: 3-RUN HOME RUN (Flyball, 78XD), Distance : 394 ft
|
Batting: RHB Dave Parker
|
0-0: Ball 1-0: Called Strike 1-1: Reached on error, E5 (Groundball, 5S)
|
Batting: RHB Juan Vázquez
|
0-0: Ball 1-0: Foul Ball, location: 2F 1-1: Fly out, F7 (Flyball, 78M)
|
Batting: RHB Greg King
|
0-0: Foul Ball, location: 2F 0-1: Swinging Strike 0-2: Strikes out swinging
|
Top of the 3rd over - 4 run(s), 4 hit(s), 1 error(s), 1 left on base; Jasper 6 - Surrey 0 |
BOTTOM OF THE 3RD |
Surrey Sinners batting - Pitching for Jasper Cougars : LHP Millard Curtis
|
Batting: RHB Miguel Palácios
|
0-0: Swinging Strike 0-1: Ball 1-1: Called Strike 1-2: Strikes out swinging
|
Batting: RHB Jesús Hernández
|
0-0: Called Strike 0-1: SINGLE (Line Drive, 6D)
|
Batting: RHB Júlio Figueroa
|
0-0: Called Strike 0-1: Ball 1-1: Called Strike Jesús Hernández steals 2nd base 1-2: Ball 2-2: Ground out 5-3 (Groundball, 56)
|
Batting: LHB Richard Bell
|
0-0: Ball 1-0: Foul Ball, location: 2F 1-1: Swinging Strike 1-2: Ball 2-2: Foul Ball, location: 2F 2-2: Ball 3-2: DOUBLE (Line Drive, 89M) Jesús Hernández scores
|
Batting: RHB Héctor Berrios
|
0-0: Ball 1-0: Foul Ball, location: 2F 1-1: Ball 2-1: Foul Ball, location: 2F 2-2: Strikes out looking
|
Bottom of the 3rd over - 1 run(s), 2 hit(s), 0 error(s), 1 left on base; Jasper 6 - Surrey 1 |
TOP OF THE 4TH |
Jasper Cougars batting - Pitching for Surrey Sinners : RHP Diego González
|
Batting: LHB Jon Scott
|
0-0: Ball 1-0: Called Strike 1-1: Ball 2-1: SINGLE (Line Drive, 6M)
|
Batting: RHB Manuel Pérez
|
0-0: Foul Ball, location: 2F 0-1: Ball 1-1: Swinging Strike 1-2: Ball 2-2: Foul Ball, location: 2F 2-2: Strikes out swinging
|
Batting: RHB Jesús Hernández
|
0-0: Ball 1-0: Swinging Strike 1-1: Ball 2-1: SINGLE (Groundball, 4MD) Jon Scott to second
|
Batting: SHB Ron Edwards
|
0-0: Swinging Strike 0-1: Ball 1-1: Swinging Strike 1-2: Foul Ball, location: 2F 1-2: Ball 2-2: Strikes out swinging
|
Batting: LHB Enrique Valentín
|
0-0: Called Strike 0-1: Ball 1-1: Ball 2-1: Ball 3-1: Foul Ball, location: 2F 3-2: Foul Ball, location: 2F 3-2: Foul Ball, location: 2F 3-2: Base on Balls Jon Scott to third Jesús Hernández to second
|
Batting: RHB Dan Hooper
|
0-0: Called Strike 0-1: Ball 1-1: Called Strike 1-2: Foul Ball, location: 2F 1-2: Strikes out swinging
|
Top of the 4th over - 0 run(s), 2 hit(s), 0 error(s), 3 left on base; Jasper 6 - Surrey 1 |
BOTTOM OF THE 4TH |
Surrey Sinners batting - Pitching for Jasper Cougars : LHP Millard Curtis
|
Batting: LHB Benny Richard
|
0-0: Swinging Strike 0-1: Ball 1-1: Swinging Strike 1-2: Strikes out swinging
|
Batting: RHB Steve Bender
|
0-0: Swinging Strike 0-1: Called Strike 0-2: Strikes out swinging
|
Batting: RHB Víctor Arredondo
|
0-0: Ball 1-0: Swinging Strike 1-1: Ground out 1-3 (Groundball, 13S)
|
Bottom of the 4th over - 0 run(s), 0 hit(s), 0 error(s), 0 left on base; Jasper 6 - Surrey 1 |
TOP OF THE 5TH |
Jasper Cougars batting - Pitching for Surrey Sinners : RHP Diego González
|
Batting: RHB Dave Parker
|
0-0: Ball 1-0: Foul Ball, location: 2F 1-1: Ball 2-1: Foul Ball, location: 2F 2-2: Ball 3-2: Foul Ball, location: 2F 3-2: Strikes out swinging
|
Pitching: RHP Allen Bannatyne
|
|
Batting: RHB Juan Vázquez
|
0-0: Called Strike 0-1: Foul Ball, location: 2F 0-2: Ball 1-2: SINGLE (Groundball, 6MD)
|
Batting: RHB Greg King
|
0-0: Foul Ball, location: 2F 0-1: Ground out 5-3 (Groundball, 5S) Juan Vázquez to second
|
Batting: LHB Jon Scott
|
0-0: Ball 1-0: Swinging Strike 1-1: Ball 2-1: Reached on Error, E5 (Popup, 5D) Juan Vázquez to third
|
Batting: RHB Manuel Pérez
|
0-0: Ball 1-0: Ball 2-0: Ball 3-0: Called Strike 3-1: Fly out, F7 (Flyball, 7D)
|
Top of the 5th over - 0 run(s), 1 hit(s), 1 error(s), 2 left on base; Jasper 6 - Surrey 1 |
BOTTOM OF THE 5TH |
Surrey Sinners batting - Pitching for Jasper Cougars : LHP Millard Curtis
|
Batting: LHB Tanyu Imai
|
0-0: Ball 1-0: SINGLE (Groundball, 34D)
|
Batting: RHB Miguel Palácios
|
0-0: Fly out, F8 (Flyball, 8RS)
|
Batting: RHB Jesús Hernández
|
0-0: Ball Tanyu Imai is caught stealing 2nd base 1-0: Foul Ball, location: 2F 1-1: Ball 2-1: Foul Ball, location: 2F 2-2: Foul Ball, location: 2F 2-2: SINGLE (Line Drive, 6D)
|
Batting: RHB Júlio Figueroa
|
0-0: Ball 1-0: Foul Ball, location: 2F 1-1: Fly out, F8 (Flyball, 8LXD)
|
Bottom of the 5th over - 0 run(s), 2 hit(s), 0 error(s), 1 left on base; Jasper 6 - Surrey 1 |
TOP OF THE 6TH |
Jasper Cougars batting - Pitching for Surrey Sinners : RHP Allen Bannatyne
|
Batting: RHB Jesús Hernández
|
0-0: Ball 1-0: Foul Ball, location: 2F 1-1: Ball 2-1: Ball 3-1: Ground out 5-3 (Groundball, 5)
|
Batting: SHB Ron Edwards
|
0-0: Foul Ball, location: 2F 0-1: Fly out, F5 (Popup, 56S)
|
Batting: LHB Enrique Valentín
|
0-0: Fly out, F3 (Popup, 23)
|
Top of the 6th over - 0 run(s), 0 hit(s), 0 error(s), 0 left on base; Jasper 6 - Surrey 1 |
BOTTOM OF THE 6TH |
Surrey Sinners batting - Pitching for Jasper Cougars : LHP Millard Curtis
|
Batting: LHB Richard Bell
|
0-0: Ball 1-0: Ball 2-0: Ball 3-0: Called Strike 3-1: Fly out, F8 (Line Drive, 8RM)
|
Batting: RHB Héctor Berrios
|
0-0: Called Strike 0-1: Swinging Strike 0-2: Fly out, F8 (Flyball, 8RM)
|
Batting: LHB Benny Richard
|
0-0: Called Strike 0-1: Fly out, F7 (Popup, 7LS)
|
Bottom of the 6th over - 0 run(s), 0 hit(s), 0 error(s), 0 left on base; Jasper 6 - Surrey 1 |
TOP OF THE 7TH |
Jasper Cougars batting - Pitching for Surrey Sinners : RHP Allen Bannatyne
|
Batting: RHB Dan Hooper
|
0-0: Foul Ball, location: 2F 0-1: Ball 1-1: Foul Ball, location: 2F 1-2: Ball 2-2: Ball 3-2: Base on Balls
|
Batting: RHB Dave Parker
|
0-0: Sac Bunt - play at first, batter OUT! 3-4 Dan Hooper to second
|
Pitching: RHP Juan Tapia
|
|
Batting: RHB Juan Vázquez
|
0-0: Ball 1-0: Foul Ball, location: 2F 1-1: Ball 2-1: Ball 3-1: Base on Balls
|
Batting: RHB Greg King
|
0-0: Ball 1-0: Called Strike 1-1: Foul Ball, location: 2F 1-2: Strikes out swinging
|
Batting: LHB Jon Scott
|
0-0: Ball 1-0: DOUBLE (Line Drive, 5D) Dan Hooper scores Juan Vázquez to third Runner from 3rd tries for Home, SAFE, no throw or cutoff
|
Batting: RHB Manuel Pérez
|
0-0: Ball 1-0: Ball 2-0: Foul Ball, location: 2F 2-1: Swinging Strike 2-2: SINGLE (Groundball, 4MD) Jon Scott to third Runner from 3rd tries for Home, SAFE, no throw or cutoff
|
Batting: RHB Jesús Hernández
|
0-0: Called Strike 0-1: Ball Manuel Pérez is caught stealing 2nd base
|
Top of the 7th over - 3 run(s), 2 hit(s), 0 error(s), 0 left on base; Jasper 9 - Surrey 1 |
BOTTOM OF THE 7TH |
Surrey Sinners batting - Pitching for Jasper Cougars : LHP Millard Curtis
|
Pitching: RHP Pancho Hernández
|
|
Batting: RHB Steve Bender
|
0-0: Ball 1-0: Ball 2-0: Fly out, F8 (Flyball, 8LM)
|
Batting: RHB Víctor Arredondo
|
0-0: Ball 1-0: Foul Ball, location: 2F 1-1: Swinging Strike 1-2: Fly out, F7 (Flyball, 7M)
|
Batting: LHB Tanyu Imai
|
0-0: Ball 1-0: Foul Ball, location: 2F 1-1: Ball 2-1: Ball 3-1: Foul Ball, location: 2F 3-2: Base on Balls
|
Batting: RHB Miguel Palácios
|
0-0: Ball 1-0: Swinging Strike 1-1: Ball 2-1: Swinging Strike 2-2: Strikes out swinging
|
Bottom of the 7th over - 0 run(s), 0 hit(s), 0 error(s), 1 left on base; Jasper 9 - Surrey 1 |
TOP OF THE 8TH |
Jasper Cougars batting - Pitching for Surrey Sinners : RHP Juan Tapia
|
Batting: RHB Jesús Hernández
|
0-0: Ball 1-0: Called Strike 1-1: Ball 2-1: Called Strike 2-2: Foul Ball, location: 2F 2-2: Strikes out swinging
|
Batting: SHB Ron Edwards
|
0-0: Called Strike 0-1: Swinging Strike 0-2: Ball 1-2: Fly out, F6 (Popup, 6MS)
|
Batting: LHB Enrique Valentín
|
0-0: Swinging Strike 0-1: Ball 1-1: Ball 2-1: Ball 3-1: Called Strike 3-2: DOUBLE (Line Drive, 3D)
|
Batting: RHB Dan Hooper
|
0-0: Called Strike 0-1: Foul Ball, location: 2F 0-2: Ball 1-2: Foul Ball, location: 2F 1-2: DOUBLE (Line Drive, 9LM) Enrique Valentín scores
|
Batting: RHB Dave Parker
|
0-0: Ball 1-0: Ground out 4-3 (Groundball, 4)
|
Top of the 8th over - 1 run(s), 2 hit(s), 0 error(s), 1 left on base; Jasper 10 - Surrey 1 |
BOTTOM OF THE 8TH |
Surrey Sinners batting - Pitching for Jasper Cougars : RHP Pancho Hernández
|
Batting: RHB Jesús Hernández
|
0-0: Ball 1-0: SINGLE (Flyball, 8RS)
|
Batting: RHB Júlio Figueroa
|
0-0: 2-RUN HOME RUN (Flyball, 7LD), Distance : 367 ft
|
Batting: LHB Richard Bell
|
0-0: SINGLE (Groundball, 56D)
|
Batting: RHB Héctor Berrios
|
0-0: Called Strike 0-1: Ball 1-1: SINGLE (Popup, 4MS) Richard Bell to second
|
Batting: LHB Benny Richard
|
0-0: Ball 1-0: Ball 2-0: Ball 3-0: Base on Balls Richard Bell to third Héctor Berrios to second
|
Batting: RHB Steve Bender
|
0-0: Fielders Choice at 3rd, U5 (Groundball, 5L) Richard Bell scores Benny Richard to second
|
Batting: RHB Víctor Arredondo
|
0-0: Called Strike 0-1: Ball 1-1: TRIPLE (Line Drive, 7LM) Benny Richard scores Steve Bender scores
|
Pitching: LHP Júlio Aguilar
|
|
Batting: LHB Tanyu Imai
|
0-0: Ball 1-0: Ground out 3-1 (Groundball, 34S) Víctor Arredondo scores
|
Batting: RHB Miguel Palácios
|
0-0: Ball 1-0: Called Strike 1-1: Ball 2-1: Fly out, F9 (Flyball, 9S)
|
Bottom of the 8th over - 6 run(s), 5 hit(s), 0 error(s), 0 left on base; Jasper 10 - Surrey 7 |
TOP OF THE 9TH |
Jasper Cougars batting - Pitching for Surrey Sinners : RHP Juan Tapia
|
Batting: RHB Juan Vázquez
|
0-0: Swinging Strike 0-1: Ball 1-1: Called Strike 1-2: Foul Ball, location: 2F 1-2: Strikes out swinging
|
Batting: RHB Greg King
|
0-0: Ball 1-0: Called Strike 1-1: Ball 2-1: Called Strike 2-2: Strikes out swinging
|
Batting: LHB Jon Scott
|
0-0: Ball 1-0: Fly out, F8 (Flyball, 8LM)
|
Top of the 9th over - 0 run(s), 0 hit(s), 0 error(s), 0 left on base; Jasper 10 - Surrey 7 |
BOTTOM OF THE 9TH |
Surrey Sinners batting - Pitching for Jasper Cougars : LHP Júlio Aguilar
|
Pitching: RHP Ignacio Beltrán
|
|
Batting: RHB Jesús Hernández
|
0-0: Ball 1-0: Called Strike 1-1: Ball 2-1: Ball 3-1: Swinging Strike 3-2: Strikes out looking
|
Batting: RHB Júlio Figueroa
|
0-0: Called Strike 0-1: Ground out 6-3 (Groundball, 6MD)
|
Batting: LHB Richard Bell
|
0-0: Hit by Pitch
|
Batting: RHB Héctor Berrios
|
0-0: Foul Ball, location: 2F 0-1: Ball 1-1: Ball 2-1: Called Strike 2-2: Foul Ball, location: 2F 2-2: Ground out 4-3 (Groundball, 4)
|
Bottom of the 9th over - 0 run(s), 0 hit(s), 0 error(s), 1 left on base; Jasper 10 - Surrey 7 |
|